cohdb
Replays
Latest Replays
All Replays
Popular Replays
Top Player Replays
Match Explorer
How It Works
Community
CoH3 Stats
Reddit
Sign in to upload your games and track your stats! →
Sign in with Steam
Match 40448620
Unlisted
Match 40448620
Overview
Messages
Build Orders
End
Selects Special Operations Battlegroup
Selects M29 Weasel Recon Vehicle
M29 Weasel Recon Vehicle
Scout Squad
Construct Barracks
Riflemen Squad
Riflemen Squad
Construct Medical Station
Riflemen Squad
M1 Mortar Team
M1 Mortar Team
Mechanized Support Center
Selects P-47 Anti-Infantry Loiter
Grenade Package
P-47 Anti-Infantry Loiter
Construct Motor Pool
M1 Anti-tank Gun Team
Septimum
Kimchi milk
Shade
HulkSMASH
0
0
Comments
sign in to comment!
No comments posted yet!